 Dungeon Crawl Stone Soup version 0.18-a0-1514-g6ed9364 (webtiles) character file.

35 Tomstefer the Chopper (level 3, -13/30 HPs)
             Began as a Minotaur Gladiator on Mar 6, 2016.
             Mangled by a gnoll
             ... wielding a +2 halberd of chopping
              (16 damage)
             ... on level 1 of the Dungeon.
             The game lasted 00:01:57 (1226 turns).

Tomstefer the Chopper (Minotaur Gladiator)          Turns: 1226, Time: 00:01:58

Health: -13/30     AC:  3    Str: 20    XL:     3   Next: 17%
Magic:  2/2        EV: 12    Int:  5    God:
Gold:   51         SH:  0    Dex: 10    Spells: 0 memorised, 2 levels left

rFire  . . .     SeeInvis +     a - +0 war axe
rCold  . . .     Gourm    .     b - +0 leather armour
rNeg   . . .     Faith    .     (no shield)
rPois  .         Spirit   .     c - +0 hat
rElec  .         Dismiss  .     (no cloak)
rCorr  .         Reflect  .     (no gloves)
SustAt .         Harm     .     (no boots)
MR     .....                    (no amulet)
Stlth  +.........               (no ring)
                                i - ring of see invisible

@: not resistant to hostile enchantments, very unstealthy
A: retaliatory headbutt, horns 2
a: no special abilities


You were on level 1 of the Dungeon.
You were very hungry.

You visited 1 branch of the dungeon, and saw 2 of its levels.

You collected 51 gold pieces.

Inventory:

Hand Weapons
 a - a +0 war axe (weapon)
Missiles
 d - 3 throwing nets (quivered)
Armour
 b - a +0 leather armour (worn)
 c - a +0 hat (worn)
Jewellery
 i - a ring of see invisible (left hand)
Scrolls
 e - a scroll of enchant weapon {unknown}
 h - 2 scrolls of identify {unknown}
Potions
 j - a potion of heal wounds {unknown}
Comestibles
 f - a bread ration


   Skills:
 - Level 2.4 Fighting
 + Level 5.2 Axes
 - Level 2.0 Throwing
 - Level 3.2 Dodging


You had 2 spell levels left.
You didn't know any spells.

Dungeon Overview and Level Annotations

Branches:
Dungeon (2/15)

Altars:


Innate Abilities, Weirdness & Mutations

You reflexively headbutt those who attack you in melee.
You have a pair of horns on your head.


Message History

You kill the giant gecko!
Your Axes skill increases to level 5!
You hit the gnoll but do no damage. You headbutt the gnoll!
The gnoll is almost dead.
The gnoll hits you.
You barely miss the gnoll.
You headbutt the gnoll, but do no damage.
The gnoll is severely wounded.
The gnoll closely misses you. The gnoll barely misses you.
You hit the gnoll.
You kill the gnoll!
You have reached level 3!
Your experience leads to an increase in your attributes!
Increase (S)trength, (I)ntelligence, or (D)exterity?
You feel stronger.
The gnoll hits you from afar with a halberd of chopping.
* * * LOW HITPOINT WARNING * * *
x2 The gnoll hits you from afar with a halberd of chopping!
Ouch! That really hurt!
You die...

#.# #.#...# ##'#♣.♣.♣.♣ #>#
#.....########.##......
#.#####...##.......#♣.♣.♣.♣
#......†>.##.#...#.##......
########.###.#......♣.♣.♣#♣
#.###.#.............
#†##............##.#
#g##.........#####.#
#>.@.........# #.#
#####.#...#.######.#
#..............#
###...########## #####


You could see a gnoll.

Vanquished Creatures
  A gnoll (D:1)
  A dart slug (D:1)
  2 giant geckos (D:1)
  An orc (D:1)
  5 bats (D:1)
  A goblin (D:1)
  3 hobgoblins (D:1)
  A jackal (D:1)
  2 kobolds (D:1)
  A giant newt (D:1)
  2 rats (D:1)
  4 plants (D:1)
24 creatures vanquished.

Notes
Turn   | Place    | Note
--------------------------------------------------------------
     0 | D:1      | Tomstefer the Minotaur Gladiator began the quest for the Orb.
     0 | D:1      | Reached XP level 1. HP: 18/18 MP: 0/0
   149 | D:1      | Reached skill level 4 in Axes
   392 | D:1      | Reached XP level 2. HP: 20/25 MP: 1/1
  1218 | D:1      | Reached skill level 5 in Axes
  1224 | D:1      | Reached XP level 3. HP: 10/30 MP: 2/2
  1226 | D:1      | Mangled by a gnoll

Vault maps used:
D:1:      roderic_crop_circles_arrival_small, serial_forest,
          infiniplex_forest_lined_room_3, infiniplex_forest_clump_medium,
          infiniplex_forest_end_1, infiniplex_forest_clump_small,
          infiniplex_forest_clump_diagonal, infiniplex_forest_lined_room_,
          infiniplex_forest_lined_3, infiniplex_forest_clump_medium,
          infiniplex_forest_end_2, due_unseen_surprise
D:2:      first_bread

Skill      XL: |  1  2 |
---------------+-------+-----
Axes           | 4 5 |  5.2
Fighting       | |  2.4
Throwing       | |  2.0
Dodging        | |  3.2

Action                   || total
-------------------------++-------
Melee: War axe           ||    78
